 Dungeon Crawl Stone Soup version 0.30.0-19-g36f170ea60 (webtiles) character file.

Game seed: 9401384579865753333

807 Aldia the Stinger (level 7, -1/45 HPs)
             Began as an Octopode Venom Mage on May 26, 2023.
             Was an Initiate of Gozag.
             Slain by a gnoll
             ... wielding a +0 spear
             ... led by a gnoll bouda
              (2 damage)
             ... on level 5 of the Dungeon.
             The game lasted 00:17:07 (6069 turns).

Aldia the Stinger (Octopode Venom Mage)             Turns: 6069, Time: 00:17:08

Health: -1/45      AC:  8    Str:  8    XL:     7   Next: 92%
Magic:  5/13       EV: 13    Int: 19    God:    Gozag
Gold:   424        SH:  0    Dex: 12    Spells: 4/14 levels left

rFire   . . .        c - +1 flail (protect)
rCold   . . .        (no shield)
rNeg    . . .        (helmet restricted)
rPois   .            (no amulet)
rElec   .            (no ring)
rCorr   .            (no ring)
SInv    .            (no ring)
Will    .....        (no ring)
Stlth   ++++         (no ring)
HPRegen 0.27/turn    (no ring)
MPRegen 0.13/turn    (no ring)
                     (no ring)

%: no passive effects
@: gold aura, under a protective aura
A: almost no armour, amphibious, 8 rings, camouflage 1, gelatinous body 1,
(nimble swimmer 1), tentacles
a: Renounce Religion, Potion Petition, Call Merchant, Bribe Branch


You were on level 5 of the Dungeon.
You worshipped Gozag.
Gozag was aware of your devotion.
You visited 2 branches of the dungeon, and saw 6 of its levels.

You collected 492 gold pieces.
You paid 68 gold pieces to Gozag.

Inventory:

Hand Weapons
 c - a +1 flail of protection (weapon)
 d - a +0 long sword
 e - a +1 dagger
Magical Staves
 f - a staff of cold
Scrolls
 b - a scroll of teleportation
 m - a scroll of identify
Potions
 a - 2 potions of magic
 g - 2 potions of mutation
 h - a potion of degeneration {unknown}
 i - a potion of invisibility
 j - a potion of might
 k - a potion of cancellation
 l - 2 potions of curing
 r - a potion of haste


   Skills:
 + Level 2.0 Fighting
 + Level 2.0 Dodging
 - Level 5.0 Stealth
 + Level 4.1 Spellcasting
 - Level 2.0 Conjurations
 - Level 1.0 Transmutations
 - Level 3.0 Air Magic
 * Level 7.1 Poison Magic


You had 4 spell levels left.
You knew the following spells:

 Your Spells              Type           Power      Damage    Failure   Level
a - Sting                 Tmut/Pois      76%        1d6       2%          1
b - Poisonous Vapours     Pois/Air       46%        N/A       2%          2
c - Mephitic Cloud        Conj/Pois/Air  19%        N/A       8%          3
d - Olgreb's Toxic Radia  Pois           31%        N/A       7%          4

Your spell library contained the following spells:

 Spells                   Type           Power      Damage    Failure   Level


Dungeon Overview and Level Annotations

Branches:
Dungeon (5/15)             Temple (1/1) D:4

Altars:
Ashenzari
Cheibriados
Dithmenos
Fedhas
Gozag
Hepliaklqana
Kikubaaqudgha
Makhleb
Nemelex Xobeh
Qazlal
Ru
Trog
Uskayaw
Vehumet
Wu Jian
Yredelemnul
Zin
The Shining One

Annotations:
D:3 1 runed translucent door, Crazy Yiuf, Grinder
D:4 Pikel
D:5 Dowan


Innate Abilities, Weirdness & Mutations

You cannot wear most types of armour.
You are amphibious.
You can wear up to eight rings at the same time.
Your skin changes colour to match your surroundings (Stealth+).
Your rubbery body absorbs attacks. (AC +1, EV +1)
((You are camouflaged when in or above water. (Stealth+)))
You have tentacles for arms and can constrict up to eight enemies at once.


Message History

Dowan smirks and points a slender finger.
Dowan gestures at you while chanting. The puff of flame misses you.
Duvessa hits Dowan with a +0 short sword of draining.
Duvessa hits herself with a +0 short sword of draining!
Duvessa is killed!
Dowan's eyes darken. "You have made a black mistake."
Dowan seems to find hidden reserves of power!
Your life force feels restored.
Training target 3.0 for Air Magic reached!
Your Stealth skill increases to level 5!
Your Spellcasting skill increases to level 4!
Your Air Magic skill increases to level 3!
Your Poison Magic skill increases to level 7!
Unknown command.
Unknown command.
Unknown command.
Unknown command.
Unknown command.
You closely miss Dowan. You grab Dowan.
Dowan is heavily wounded.
Your toxic aura wanes.
You constrict Dowan. Dowan hits you with a +0 dagger.
The gnoll hits you from afar with a +0 spear!
Dowan hits you with a +0 dagger.
* * * LOW HITPOINT WARNING * * *
Unknown command.
You hit Dowan.
Your weapon exudes an aura of protection.
Dowan is severely wounded.
You constrict Dowan. Dowan gestures at you while chanting.
The shard of ice hits you!
* * * LOW HITPOINT WARNING * * *
The gnoll hits you from afar with a +0 spear.
* * * LOW HITPOINT WARNING * * *
Dowan barely misses you.
The gnoll hits you from afar with a +0 spear.
You die...
Your body crumbles into a pile of gold.

.. #...# #.#####...) . #...#
#.#........ . #...#
#.#.######. #. #...# #.#.#
#.... #.# #...# #.#.###.#..
####..# #...# #.#........
.......#####...# #.####.....
.......'$g##...###.# #.....
.......##$e@...#...####.....
....... ####..>.............
...g... #############....
....... ##... ....... ####
....... ....... # # #


You could see Dowan (fast, poisoned) and a gnoll (very poisoned).

Vanquished Creatures
  Duvessa (D:5)
  A black bear (D:5)
  A phantom (D:4)
  Blork the orc (D:4)
  2 scorpions
  2 hounds (D:5)
  Ijyb (D:4)
  Jessica (D:2)
  A sleepcap (D:4)
  Robin (D:4)
  5 adders
  5 gnolls
  4 worms (D:2)
  2 dart slugs
  9 orcs
  7 bats
  6 endoplasms
  3 giant cockroaches
  16 goblins
  8 hobgoblins
  6 jackals
  2 quokkas
  9 ball pythons
  3 frilled lizards
  5 kobolds
  3 rats
105 creatures vanquished.

Notes
Turn   | Place    | Note
-------+----------+-------------------------------------------
     0 | D:1      | Aldia the Octopode Venom Mage began the quest for the Orb.
     0 | D:1      | Reached XP level 1. HP: 11/11 MP: 3/3
   286 | D:1      | Reached skill level 4 in Poison Magic
   286 | D:1      | Reached XP level 2. HP: 18/18 MP: 5/5
   289 | D:1      | Learned a level 2 spell: Poisonous Vapours
   955 | D:2      | Found a glowing silver altar of Zin.
   955 | D:2      | Noticed Jessica
   961 | D:2      | Killed Jessica
   962 | D:2      | Reached skill level 1 in Fighting
   962 | D:2      | Reached XP level 3. HP: 18/23 MP: 4/6
   972 | D:2      | Learned a level 3 spell: Mephitic Cloud
  1044 | D:2      | Reached skill level 1 in Air Magic
  1230 | D:2      | Reached XP level 4. HP: 28/28 MP: 0/7
  2018 | D:3      | Noticed Grinder
  2242 | D:3      | Reached skill level 5 in Poison Magic
  2373 | D:3      | Reached XP level 5. HP: 31/33 MP: 7/9
  2390 | D:3      | Reached skill level 1 in Conjurations
  2553 | D:3      | Found a runed translucent door.
  2554 | D:3      | Noticed Crazy Yiuf
  2934 | D:4      | Noticed Ijyb
  2951 | D:4      | Killed Ijyb
  3105 | D:3      | Upgraded the game from 0.30.0-18-gc0e69614cb to
                  | 0.30.0-19-g36f170ea60
  3294 | D:4      | Found a staircase to the Ecumenical Temple.
  3305 | Temple   | Entered the Ecumenical Temple
  3433 | Temple   | Became a worshipper of Gozag Ym Sagoz the Greedy
  3543 | D:4      | Identified the +2 leather armour "Impepnoc" {Str+3}
  3846 | D:4      | Learned a level 4 spell: Olgreb's Toxic Radiance
  3877 | D:4      | Noticed a lemure
  3878 | D:4      | Noticed a lemure
  3878 | D:4      | Noticed a lemure
  3879 | D:4      | Noticed Pikel
  3879 | D:4      | Noticed a lemure
  4132 | D:4      | Noticed a phantom
  4167 | D:4      | HP: 1/34 [phantom (7)]
  4169 | D:4      | Killed a phantom
  4170 | D:4      | Reached XP level 6. HP: 2/39 MP: 0/10
  4459 | D:5      | Entered Level 5 of the Dungeon
  4656 | D:5      | Reached skill level 6 in Poison Magic
  4656 | D:5      | Reached XP level 7. HP: 35/45 MP: 12/12
  4829 | D:4      | Noticed Robin
  4925 | D:4      | Killed Robin
  5251 | D:4      | Noticed Blork the orc
  5266 | D:4      | Killed Blork the orc
  5772 | D:5      | Noticed Duvessa
  5772 | D:5      | Noticed Dowan
  6067 | D:5      | Killed Duvessa
  6068 | D:5      | Reached skill level 5 in Stealth
  6068 | D:5      | Reached skill level 7 in Poison Magic
  6069 | D:5      | HP: 1/45 [gnoll/+0 spear[a gnoll bouda] (4)]
  6069 | D:5      | Slain by a gnoll

Illustrated notes

Levels and vault maps discovered:
D:1:      dpeg_arrival_signposts, layout_loops_ring,
          chequers_serial_rivers_small_3, minmay_misc_feat_rows,
          grunt_decor_mini_mirrors, nrook_mini_vaults
D:2:      layout_loops_ring, basic_altar, uniq_jessica
D:3:      layout_basic, uniq_crazy_yiuf_cottage, uniq_grinder
D:4:      layout_basic, minmay_temple_entry_tees, kennysheep_cluttered_room,
          kennysheep_generic_room_8, uniq_ijyb, uniq_robin, uniq_blork_the_orc,
          uniq_pikel
D:5:      layout_basic, biasface_ghost_orc_armoury, uniq_duvessa
Temple:   dpeg_three_leaves_temple

Skill      XL: |  1  2  3  4  5  6  7 |
---------------+----------------------+-----
Poison Magic   | 4 5 6 7 |  7.1
Fighting       | 1 2 |  2.0
Air Magic      | 1 2 3 |  3.0
Stealth        | 3 4 5 |  5.0
Conjurations   | 1 2 |  2.0
Spellcasting   | 3 4 |  4.1
Dodging        | |  2.0
Transmutations | |  1.0

Action                     |  1- 3 |  4- 6 |  7- 9 || total
---------------------------+-------+-------+-------++-------
  Melee: Long sword        |     8 |       |       ||     8
         Dagger            |    23 |   137 |    39 ||   199
         Constrict         |     6 |    33 |    20 ||    59
         Tentacles         |     2 |    40 |    16 ||    58
         Unarmed           |     2 |       |       ||     2
         Punch             |     1 |     1 |     1 ||     3
         Flail             |       |       |    20 ||    20
   Cast: Sting             |    27 |    37 |    20 ||    84
         Poisonous Vapours |       |     4 |       ||     4
         Mephitic Cloud    |       |     1 |     1 ||     2
         Olgreb's Toxic Ra |       |       |     1 ||     1
    Use: Scroll            |       |    13 |     3 ||    16
         Potion            |       |     3 |     1 ||     4
   Stab: Sleeping          |    10 |     8 |     1 ||    19
         Distracted        |       |       |     1 ||     1
 Armour: Skin              |     6 |    10 |    10 ||    26
  Dodge: Dodged            |    27 |   109 |    46 ||   182
